 Dungeon Crawl Stone Soup version 0.29.1-15-g9cfb28693d (console) character file.

Game seed: 7676417889075532561

165 om the Sneak (level 5, 0/58 HPs)
             Began as a Vampire Brigand on Apr 25, 2023.
             Slain by Sigmund
             ... wielding a +2 scythe of protection
              (8 damage)
             ... on level 3 of the Dungeon.
             The game lasted 00:08:25 (2739 turns).

om the Sneak (Vampire Brigand)                      Turns: 2739, Time: 00:08:26

Health: 0/58       AC: 22    Str: 10    XL:     5   Next: 22%
Magic:  7/7        EV:  2    Int: 16    God:
Gold:   57         SH:  0    Dex: 15    Spells: 5/6 levels left

rFire   . . .      SeeInvis +   a - +2 dagger
rCold   . . .      Faith    .   (no shield)
rNeg    . . .      Spirit   .   (body armour currently unavailable)
rPois   +          Reflect  .   (helmet currently unavailable)
rElec   .          Harm     .   (cloak currently unavailable)
rCorr   .          Rampage  .   (gloves currently unavailable)
Will    .....      NoTele   +   (boots currently unavailable)
Stlth   +++.......              (no amulet)
HPRegen 0.39/turn               (no ring)
MPRegen 0.10/turn               (no ring)

@: tree-form, on berserk cooldown, healing quickly, slowed, very slow
A: stationary, stasis, torment immunity, boosted hp, alive, (fangs 3), see
invisible, vampiric 2
a: Exsanguinate


You were on level 3 of the Dungeon.
You were a tree.
You visited 1 branch of the dungeon, and saw 3 of its levels.

You collected 57 gold pieces.

Inventory:

Hand Weapons
 a - a +2 dagger (weapon)
 p - a +0 long sword of flaming
Missiles
 d - 7 poisoned darts
 e - 3 curare-tipped darts
 t - a throwing net
Armour
 b - a +0 robe (melded)
 c - a +0 cloak (melded)
Jewellery
 l - a ring of poison resistance
Scrolls
 i - a scroll of poison {unknown}
 j - a scroll of silence {unknown}
 k - a scroll of butterflies {unknown}
 q - 2 scrolls of teleportation {unknown}
 s - a scroll of vulnerability {unknown}
 v - a scroll of enchant armour {unknown}
 x - a scroll of magic mapping {unknown}
Potions
 f - a potion of heal wounds {unknown}
 g - a potion of haste {unknown}
 h - a potion of lignification {unknown}
 n - a potion of invisibility {unknown}
 r - a potion of ambrosia {unknown}
 u - a potion of brilliance {unknown}
 w - a potion of might {unknown}


   Skills:
 + Level 2.5 Fighting
 * Level 3.5 Short Blades
 + Level 2.2 Throwing
 - Level 3.0 Dodging
 - Level 6.0 Stealth
 + Level 1.3 Spellcasting


You had 5 spell levels left.
You knew the following spells:

 Your Spells              Type           Power      Damage    Failure   Level
a - Magic Dart            Conj           4%         1d3       22%         1

Your spell library contained the following spells:

 Spells                   Type           Power      Damage    Failure   Level
 Call Imp                 Summ           1%         N/A       32%         2
 Sublimation of Blood     Necr           1%         N/A       32%         2
 Call Canine Familiar     Summ           1%         N/A       54%         3
 Mephitic Cloud           Conj/Pois/Air  1%         N/A       54%         3
 Portal Projectile        Hex/Tloc       2%         N/A       54%         3
 Stone Arrow              Conj/Erth      2%         3d7       54%         3
 Summon Guardian Golem    Hex/Summ       1%         N/A       54%         3
 Animate Armour           Summ/Erth      2%         N/A       91%         4
 Leda's Liquefaction      Hex/Erth       0%         N/A       91%         4
 Petrify                  Tmut/Erth      1%         N/A       91%         4
 Irradiate                Conj/Tmut      0%         3d11      99%         5
 Orb of Destruction       Conj           0%         9d5       100%        7
 Spellforged Servitor     Conj/Summ      0%         N/A       100%        7
 Lehudib's Crystal Spear  Conj/Erth      0%         10d2      100%        8
 Chain Lightning          Conj/Air       0%         2d1       100%        9
 Fire Storm               Conj/Fire      0%         6d1       100%        9
 Shatter                  Erth           0%         3d5*      100%        9


Dungeon Overview and Level Annotations

Branches:
Dungeon (3/15)

Altars:

Annotations:
D:3 Sigmund


Innate Abilities, Weirdness & Mutations

You are a tree.
Your roots penetrate the ground, keeping you stationary.
You cannot be teleported.
You are immune to unholy pain and torment.
Your maximum health is greatly increased.
Your equipment is partially melded.
Your natural rate of healing is accelerated.
((You have razor-sharp teeth.))
You have supernaturally acute eyesight. (SInv)
You are afflicted with vampirism and can become a bat while bloodless.


Message History

You touch Sigmund but do no damage.
Sigmund is moderately wounded.
You condense into your normal self.
Your +2 dagger unmelds from your body.
Your +0 cloak unmelds from your body.
Your +0 robe unmelds from your body.
Sigmund says, "I'm your fate."
Sigmund hits you with a +2 scythe of protection!
You hit Sigmund but do no damage. Your bite misses Sigmund.
Sigmund is moderately wounded.
Sigmund hits you with a +2 scythe of protection.
You barely miss Sigmund.
Sigmund is moderately wounded.
You hit Sigmund but do no damage. Your bite misses Sigmund.
Sigmund is moderately wounded.
Sigmund hits you with a +2 scythe of protection.
You hit Sigmund.
Sigmund is heavily wounded.
Sigmund barely misses you.
You hit Sigmund but do no damage.
Sigmund is heavily wounded.
Sigmund hits you with a +2 scythe of protection.
You hit Sigmund.
Sigmund is heavily wounded.
Sigmund points at you and mumbles some strange words.
You are confused.
You hit Sigmund.
Sigmund is heavily wounded.
Sigmund hits you with a +2 scythe of protection!
* * * LOW HITPOINT WARNING * * *
Sigmund zaps a wand.
You turn into a tree.
Your +0 cloak melds into your body.
Your +0 robe melds into your body.
Your roots penetrate the ground.
You feel better. Sigmund casts a spell at you.
The puff of flame hits you but does no damage.
Sigmund hits you with a +2 scythe of protection!
* * * LOW HITPOINT WARNING * * *
You completely miss Sigmund.
Sigmund is heavily wounded.
You hit Sigmund but do no damage.
Sigmund is heavily wounded.
Sigmund hits you with a +2 scythe of protection!
You die...

## ...... ..# .... #.#
.oo. #.# ...# #.# #o.#
##### #.# #o.# ....#
.######.####### #..#
....#
........♣.....#####..#
....#
#######.@............####
....#
#...........#.####?......
.########.######..[.#.#
#.......
...............#.####.#
#.......
.########...##.#...o..#
#....... .#
#...##.######## #†......
##
#...##.#....######.......
#...##...(.......+.......
#...####.##[######.......
#.........#.# #.......


You could see Sigmund (invisible).

Vanquished Creatures
  An orc priest (D:3)
  An orc wizard (D:2)
  4 gnolls (D:2)
  2 adders (D:2)
  3 dart slugs (D:1)
  3 orcs
  2 ball pythons (D:1)
  2 endoplasms
  A giant cockroach (D:2)
  6 goblins
  4 hobgoblins
  2 jackals (D:2)
  2 quokkas (D:1)
  4 bats
  3 frilled lizards
  4 kobolds
  5 rats
49 creatures vanquished.

Notes
Turn   | Place    | Note
-------+----------+-------------------------------------------
     0 | D:1      | om the Vampire Brigand began the quest for the Orb.
     0 | D:1      | Reached XP level 1. HP: 16/16 MP: 1/1
   224 | D:1      | Found a faded altar of an unknown god.
   231 | D:1      | Reached skill level 6 in Stealth
   312 | D:1      | Reached XP level 2. HP: 22/22 MP: 2/2
   506 | D:1      | Learned a level 1 spell: Magic Dart
   868 | D:2      | Gained mutation: You are afflicted with vampirism and can
                  | become a bat while bloodless. [Vampire growth]
   868 | D:2      | Reached XP level 3. HP: 27/27 MP: 3/3
  1081 | D:2      | Reached XP level 4. HP: 15/33 MP: 5/5
  1211 | D:2      | Reached skill level 1 in Spellcasting
  2362 | D:3      | Reached XP level 5. HP: 18/39 MP: 3/6
  2428 | D:3      | Noticed Sigmund
  2739 | D:3      | Slain by Sigmund

Illustrated notes

Levels and vault maps discovered:
D:1:      dpeg_arrival_central, layout_loops_cross,
          dreamdust_ecumenical_altar_statues, minmay_statues_item,
          minmay_bisected
D:2:      layout_loops_ring, skrybe_limestone_x
D:3:      layout_basic, dilly_guarded_unrand_throatcut, uniq_sigmund

Skill      XL: |  1  2  3  4 |
---------------+-------------+-----
Stealth        | 6 |  6.0
Fighting       | 2 |  2.5
Dodging        | 2 3 |  3.0
Throwing       | 2 |  2.2
Spellcasting   | 1 |  1.3
Short Blades   | 3 |  3.5

Action                   |  1- 3 |  4- 6 || total
-------------------------+-------+-------++-------
Melee: Dagger            |    59 |    94 ||   153
       Bite              |     6 |     8 ||    14
       Long sword        |    12 |       ||    12
       Punch             |       |     1 ||     1
       Unarmed           |       |    11 ||    11
Throw: Dart              |    10 |       ||    10
 Cast: Magic Dart        |       |    12 ||    12
  Use: Scroll            |       |     2 ||     2
       Potion            |       |     2 ||     2
 Stab: Sleeping          |     6 |     3 ||     9
Armor: Robe              |    21 |     8 ||    29
       Skin              |       |     2 ||     2
Dodge: Dodged            |    53 |    44 ||    97
